Workbook
Name Данные: [1]Тестовый!$F$10:$H$14

Sheet ЛСР
N1: Приложение №
N2: к Договору подряда №
B3: ПОДРЯДЧИК: | D3: ЗАКАЗЧИК: | L3: ТЕХНИЧЕСКИЙ ЗАКАЗЧИК:
B6: ___________/
E8: Локальный сметный расчет №2
E9: Устройство системы домофонии. ГП-76
A11: № | B11: Наименование | C11: Марка | D11: Характеристика | E11: Ед. изм. | F11: 76.1 | G11: 76.2 | H11: 76.3 | I11: 76.4 | J11: Кол-во | K11: Цена | L11: Сумма | M11: Примечание | N11: Форма закупа материала
A12: 11 | B12: Внутренние инженерные сети
A13: 11.11 | B13: Устройство домофонии
A14: 11.11.01 | B14: Прокладка КПП, трубы
A15: 11.11.01.00. | B15: Прокладка КПП, трубы | L15: =L16+L19 -> 0
B16: Работа: | L16: =SUM(L17:L18) -> 0
B17: Прокладка КПП | E17: м | F17: =SUM(F20:F25) -> 3363 | G17: =SUM(G20:G25) -> 3198.9 | H17: =SUM(H20:H25) -> 2260.4 | I17: =SUM(I20:I25) -> 2223 | J17: =SUM(F17:I17) -> 11045.3 | K17: =работа!K17 -> 0 | L17: =K17*J17 -> 0
B18: Прокладка трубы | E18: м | F18: =SUM(F26:F29) -> 2017.1 | G18: =SUM(G26:G29) -> 1981.9 | H18: =SUM(H26:H29) -> 1232.8 | I18: =SUM(I26:I29) -> 1192.1 | J18: =SUM(F18:I18) -> 6423.9 | K18: =работа!K18 -> 0 | L18: =K18*J18 -> 0
B19: Материалы: | L19: =SUM(L20:L30) -> 0
B20: Кабель тип 1 | D20: Кабель витая пара U/UTP U/U-5e-BC04-048-PVC-GR-305-RQcat. 5E 4х2х0.48 мм, для внутренней прокладки, одножильный, PVC. | E20: м. | F20: 2671 | G20: 2614.9 | H20: 1788.4 | I20: 1627 | J20: =SUM(F20:I20) -> 8701.3 | K20: =материал!K16 -> 0 | L20: =K20*J20 -> 0
B21: Кабель тип 2 | D21: Кабель силовой ВВГнг(А)-LS 3х2.5 сечение жилы 2.5 мм², количество жил: 3 шт., номинальное напряжение: 660В. | E21: м. | F21: 20 | G21: 30 | H21: 64 | I21: 32 | J21: =SUM(F21:I21) -> 146 | K21: =материал!K17 -> 0 | L21: =K21*J21 -> 0
B22: Кабель тип 3 | D22: Кабель монтажный МКШнг(А)-LS 2х0.75 2х жильный, не распротраняющий горение при прокладке в пучке, с нормиованным дымовыделением, конструкция жилы многопроволочная, напряжение 500В. | E22: м. | F22: 152 | G22: 152 | H22: 152 | I22: 152 | J22: =SUM(F22:I22) -> 608 | K22: =материал!K18 -> 0 | L22: =K22*J22 -> 0
B23: Кабель тип 4 | D23: Сигнальный кабель КСПВГ 4х0,20 гибкий, 4 жилы медь, ПВХ. | E23: м. | F23: 40 | G23: 32 | H23: 32 | I23: 40 | J23: =SUM(F23:I23) -> 144 | K23: =материал!K19 -> 0 | L23: =K23*J23 -> 0
B24: Кабель тип 5 | D24: Кабель оптический ОКСЛНГ(А)-HF-М2П-А4-2.7 негорючий, для прокладки в канализацию, 4 одномод. волокона G.652.D/G.657.A. | E24: м. | F24: 150 | G24: 90 | H24: 0 | I24: 90 | J24: =SUM(F24:I24) -> 330 | K24: =материал!K20 -> 0 | L24: =K24*J24 -> 0
B25: Кабель тип 6 | D25: Труба гофрированная ПВХ CTG20-20-K41-100I д.20мм с протяжкой | E25: м. | F25: 330 | G25: 280 | H25: 224 | I25: 282 | J25: =SUM(F25:I25) -> 1116 | K25: =материал!K21 -> 0 | L25: =K25*J25 -> 0
B26: Труба тип 1 | D26: Труба ПНД гладкая жесткая tpndg-20 д.20мм., черная | E26: м. | F26: 8 | G26: 8 | H26: 8 | I26: 8 | J26: =SUM(F26:I26) -> 32 | K26: =материал!K22 -> 0 | L26: =K26*J26 -> 0
B27: Труба тип 2 | D27: Труба гофрированная ПП (артикул 15-0505) д.4,6мм., разрезная, бухтa 5 м/уп. | E27: м. | F27: 1.5 | G27: 1.2 | H27: 1.2 | I27: 1.5 | J27: =SUM(F27:I27) -> 5.4 | K27: =материал!K23 -> 0 | L27: =K27*J27 -> 0
B28: Труба тип 3 | D28: Гофрированная труба ПНД D16мм. PR02.0122 лёгкая 350 Н безгалогенная HF стойкая к ультрафиолету черная с/з | E28: м. | F28: 1968.5 | G28: 1940.4 | H28: 1145.4 | I28: 1152 | J28: =SUM(F28:I28) -> 6206.3 | K28: =материал!K24 -> 0 | L28: =K28*J28 -> 0
B29: Труба тип 4 | D29: Труба гофрированная ПВХ D-25мм CTG20-25-K41-050I с зондом | E29: м. | F29: 39.1 | G29: 32.3 | H29: 78.2 | I29: 30.6 | J29: =SUM(F29:I29) -> 180.2 | K29: =материал!K25 -> 0 | L29: =K29*J29 -> 0
B30: Прочие материалы: | K30: =материал!K26 -> 0 | L30: =SUM(L31:L43) -> 0
B31: Дюбель с шурупом 8х50 (артикул 102310) диаметр отверстия под дюбель 8мм. | E31: шт. | F31: 4 | G31: 4 | H31: 0 | I31: 4 | J31: =SUM(F31:I31) -> 12 | K31: =материал!K27 -> 0 | L31: =K31*J31 -> 0
B32: Крепежный комплект ITK-HP-15 винт, шайба, гайка.(1 комплект) | E32: шт. | F32: 48 | G32: 48 | H32: 76 | I32: 48 | J32: =SUM(F32:I32) -> 220 | K32: =материал!K28 -> 0 | L32: =K32*J32 -> 0
B33: Крепеж-клипса PR13.0120 для труб д.20мм., для монтажного пистолета, серая | E33: шт. | F33: 660 | G33: 560 | H33: 448 | I33: 564 | J33: =SUM(F33:I33) -> 2232 | K33: =материал!K29 -> 0 | L33: =K33*J33 -> 0
B34: Усиленный дюбель-гвоздь 30519stepEGBP по бетону, металлу, кирпичу тип CN 15; диаметр 3.05 мм, длина 19 мм; усиленный, гальванизированный. Упаковка 1000 шт. | E34: шт. | F34: 12439 | G34: 12096.5 | H34: 7900 | I34: 7449 | J34: =SUM(F34:I34) -> 39884.5 | K34: =материал!K30 -> 0 | L34: =K34*J34 -> 0
B35: Кабель-канал (артикул 76002-2) самозатухающий ПВХ с крышкой, белый, 100х55х2000мм | E35: м. | F35: 2 | G35: 2 | H35: 2 | I35: 2 | J35: =SUM(F35:I35) -> 8 | K35: =материал!K31 -> 0 | L35: =K35*J35 -> 0
B36: Коробка распределительная (артикул 60-0210) для прямого монтажа двухкомпонентная безгалогенная (HF) 80х80х40 УХЛ1 | E36: шт. | F36: 1 | G36: 1 | H36: 1 | I36: 1 | J36: =SUM(F36:I36) -> 4 | K36: =материал!K32 -> 0 | L36: =K36*J36 -> 0
B37: Клемма соединительная DIY YOU PCT-2133 контакта, сечение провода 0.75-2.5 мм² | E37: шт. | F37: 3 | G37: 3 | H37: 3 | I37: 3 | J37: =SUM(F37:I37) -> 12 | K37: =материал!K33 -> 0 | L37: =K37*J37 -> 0
B38: Нейлоновая хомут-стяжка 3,6х200 черный, 100 шт G/1/4 | E38: пч. | F38: 1 | G38: 1 | H38: 1 | I38: 1 | J38: =SUM(F38:I38) -> 4 | K38: =материал!K34 -> 0 | L38: =K38*J38 -> 0
B39: Дюбель хомут 5х10 дхч510 для крепления кабеля цвет-чёрный | E39: шт. | F39: 1010 | G39: 946 | H39: 892 | I39: 620 | J39: =SUM(F39:I39) -> 3468 | K39: =материал!K35 -> 0 | L39: =K39*J39 -> 0
B40: Наконечник (артикул 79436) НШВИ 0,75-8 | E40: шт. | F40: 48 | G40: 32 | H40: 32 | I40: 48 | J40: =SUM(F40:I40) -> 160 | K40: =материал!K36 -> 0 | L40: =K40*J40 -> 0
B41: Наконечник (артикул 79462) НШВИ2 0,75-8 | E41: шт. | F41: 36 | G41: 24 | H41: 24 | I41: 36 | J41: =SUM(F41:I41) -> 120 | K41: =материал!K37 -> 0 | L41: =K41*J41 -> 0
B42: Установочная коробка IMT351011 для сплошных стен, размеры 68(65)X60 мм. | E42: шт. | F42: 155 | G42: 147 | H42: 138 | I42: 90 | J42: =SUM(F42:I42) -> 530 | K42: =материал!K38 -> 0 | L42: =K42*J42 -> 0
B43: Металлическая однолапковая скоба СМО 25-26 PR08.2536 оцинкованная | E43: шт. | F43: 97.75 | G43: 80.75 | H43: 195.5 | I43: 76.5 | J43: =SUM(F43:I43) -> 450.5 | K43: =материал!K39 -> 0 | L43: =K43*J43 -> 0
A44: 11.11.02 | B44: Установка оборудования
A45: 11.11.02.00. | B45: Установка оборудования | L45: =L46+L48 -> 0
B46: Работа: | L46: =SUM(L47:L47) -> 0
B47: Установка оборудования секции | E47: комплекс | F47: 1 | G47: 1 | H47: 1 | I47: 1 | J47: =SUM(F47:I47) -> 4 | K47: =работа!K22 -> 0 | L47: =K47*J47 -> 0
B48: Материалы: | L48: =SUM(L49:L91) -> 0
B49: Вызывная панель тип 1 | D49: IP Вызывная панель Akuvox R28A IW | E49: шт. | F49: 1 | G49: 1 | H49: 1 | I49: 1 | J49: =SUM(F49:I49) -> 4 | K49: =материал!K42 -> 0 | L49: =K49*J49 -> 0
B50: Вызывная панель тип 2 | D50: IP Вызывная панель Akuvox X912S TFT LCD сенсорный 4 дюйма, доступ по: распознаванию лица, PIN, NFC, RFID карта, BLE, QR-код, мобильное приложение Smart Plus. (Сенсорная клавиатура) | E50: шт. | F50: 1 | G50: 1 | H50: 1 | I50: 1 | J50: =SUM(F50:I50) -> 4 | K50: =материал!K43 -> 0 | L50: =K50*J50 -> 0
B51: Терминал контроля доступа тип 1 | D51: IP Терминал СКУД Akuvox A01S доступ по: NFC, RFID карта, мобильное приложение Smart Plus. | E51: шт. | F51: 2 | G51: 2 | H51: 2 | I51: 2 | J51: =SUM(F51:I51) -> 8 | K51: =материал!K44 -> 0 | L51: =K51*J51 -> 0
B52: Микроволновый радар-детектор DL6 (EAGLE 6) питание 12В, температура эксплуатации -20°С +55°С, максимальная высота установки 3м. | E52: шт. | F52: 2 | G52: 2 | H52: 2 | I52: 2 | J52: =SUM(F52:I52) -> 8 | K52: =материал!K45 -> 0 | L52: =K52*J52 -> 0
B53: Замок электромагнитный | D53: Электромагнитный замок М2-400 серый 400кг удержания, 12 В/0,4 А, 190х55х35мм, уголок в комплекте, цвет серый, отсек для контроллера Z-5R | E53: шт. | F53: 4 | G53: 4 | H53: 4 | I53: 4 | J53: =SUM(F53:I53) -> 16 | K53: =материал!K46 -> 0 | L53: =K53*J53 -> 0
B54: Кнопка выхода врезная DR-04 бесконтактная (с ИК датчиком), металлическая, с подсветкой, Н.О./Н.З., 12В, 40мА, -30...+55℃, IP44, 115х70х30 мм | E54: шт. | F54: 2 | G54: 2 | H54: 2 | I54: 2 | J54: =SUM(F54:I54) -> 8 | K54: =материал!K47 -> 0 | L54: =K54*J54 -> 0
B55: Кнопка выхода накладная DR-03 сенсорная, пластиковая, 12В, контакты Н.О./ Н.З., -40 - +50℃, IP44, 86х50х20мм. | E55: шт. | F55: 2 | G55: 2 | H55: 2 | I55: 2 | J55: =SUM(F55:I55) -> 8 | K55: =материал!K48 -> 0 | L55: =K55*J55 -> 0
B56: Настенный шкаф 19" LWR3-18U66-MF LINEA W 18U 600х600мм дверь металл серый, тип боковой стенки съемная с замком. | E56: шт. | F56: 1 | G56: 1 | H56: 0 | I56: 1 | J56: =SUM(F56:I56) -> 3 | K56: =материал!K49 -> 0 | L56: =K56*J56 -> 0
B57: Напольный шкаф 19" (2 двери.)LN05-24U66-M LINEA N 24U 600х600мм металлическая передняя дверь черный, тип боковой стенки съемная с замком. | E57: шт. | F57: 0 | G57: 0 | H57: 1 | I57: 0 | J57: =SUM(F57:I57) -> 1 | K57: =материал!K50 -> 0 | L57: =K57*J57 -> 0
B58: Коммутатор управляемый L3 OS6112F 12 портов 10G SFP+ | E58: шт. | F58: 0 | G58: 0 | H58: 1 | I58: 0 | J58: =SUM(F58:I58) -> 1 | K58: =материал!K51 -> 0 | L58: =K58*J58 -> 0
B59: Коммутатор управляемый L3 с PoE OS3228P 24x1000Base-T PoE+, 4x10G SFP+, PoE-бюджет 370 Вт, PoE до 250 м | E59: шт. | F59: 1 | G59: 1 | H59: 1 | I59: 1 | J59: =SUM(F59:I59) -> 4 | K59: =материал!K52 -> 0 | L59: =K59*J59 -> 0
B60: Кабель прямого подключения XS+DA0001 разъемы SFP28 - SFP28, длина 1м | E60: шт. | F60: 0 | G60: 0 | H60: 2 | I60: 0 | J60: =SUM(F60:I60) -> 2 | K60: =материал!K53 -> 0 | L60: =K60*J60 -> 0
B61: Маршрутизатор RB4011iGS+RM оснащён 10 гигабитными портами Ethernet и портом SFP+ 10G. | E61: шт. | F61: 0 | G61: 0 | H61: 1 | I61: 0 | J61: =SUM(F61:I61) -> 1 | K61: =материал!K54 -> 0 | L61: =K61*J61 -> 0
B62: Коммутатор управляемый L2 OS1326 управляемый L2 24x100Base-TX, 1x1000Base-T, 1xCombo 1000Base-T/SFP. | E62: шт. | F62: 1 | G62: 1 | H62: 2 | I62: 1 | J62: =SUM(F62:I62) -> 5 | K62: =материал!K55 -> 0 | L62: =K62*J62 -> 0
B63: Патч-панель наборная 19" PP24-1UMU 1U, для установки до 24 модулей Keystone. | E63: шт. | F63: 1 | G63: 1 | H63: 2 | I63: 1 | J63: =SUM(F63:I63) -> 5 | K63: =материал!K56 -> 0 | L63: =K63*J63 -> 0
B64: Модуль Keystone CS1-1C5EU-12 Модуль Keystone Jack кат.5E UTP 110 IDC 180град | E64: шт. | F64: 24 | G64: 24 | H64: 48 | I64: 24 | J64: =SUM(F64:I64) -> 120 | K64: =материал!K57 -> 0 | L64: =K64*J64 -> 0
B65: Блок розеток 19" TLК-RS07M-C25-BK горизонтальный, 7 розеток Schuko, автоматический выключатель 25A. | E65: шт. | F65: 1 | G65: 1 | H65: 1 | I65: 1 | J65: =SUM(F65:I65) -> 4 | K65: =материал!K58 -> 0 | L65: =K65*J65 -> 0
... B84: Лента оцинкованная (артикул 43749) 20х0.5мм (упаковка 50м.) | E84: м. | F84: 494.53 | G84: 487.5 | H84: 288.75 | I84: 290.4 | J84: =SUM(F84:I84) -> 1561.18 | K84: =материал!K77 -> 0 | L84: =K84*J84 -> 0
B85: Коммутатор тип 1 | D85: Тюменский коммутатор с защитой коммутации Т1008 8*10/100M PoE 120Вт IEEE 802.3af/at,+2*10/100M uplink RJ45. | E85: шт. | F85: 22 | G85: 18 | H85: 0 | I85: 18 | J85: =SUM(F85:I85) -> 58 | K85: =материал!K78 -> 0 | L85: =K85*J85 -> 0
B86: Коммутатор тип 2 | D86: Тюменский коммутатор с защитой коммутации Т1004 4*10/100M PoE 60Вт IEEE 802.3af/at,+2*10/100M uplink RJ45. | E86: шт. | F86: 1 | G86: 1 | H86: 46 | I86: 0 | J86: =SUM(F86:I86) -> 48 | K86: =материал!K79 -> 0 | L86: =K86*J86 -> 0
B87: Монитор | D87: IP монитор Akuvox S562 7-дюймовый сенсорный TFT LCD 1024x600 | E87: шт. | F87: 155 | G87: 147 | H87: 138 | I87: 90 | J87: =SUM(F87:I87) -> 530 | K87: =материал!K80 -> 0 | L87: =K87*J87 -> 0
B88: Бесконтактный брендированный ключ RFID чип SMARTTAG, кодировка для Akuvox, адаптация реестра UID и клиента для загрузки шаблоном в БД, нумерация ключа строго по базе, стикер с номером квартир на каждом ключе | E88: шт. | F88: 465 | G88: 441 | H88: 414 | I88: 270 | J88: =SUM(F88:I88) -> 1590 | K88: =материал!K81 -> 0 | L88: =K88*J88 -> 0
B89: Устройство мониторинга за состоянием сетевых инфраструктур Super Vision (P) до 1000 IP-устройств. | E89: шт. | F89: 0 | G89: 0 | H89: 1 | I89: 0 | J89: =SUM(F89:I89) -> 1 | K89: =материал!K82 -> 0 | L89: =K89*J89 -> 0
B90: Коммутационный шнур PC08-C5EUL-1M5-SL-WT Коммутационный шнур (патч-корд) кат.5E UTP LSZH 1,5м slim колпачок с язычком белый | E90: шт. | F90: 0 | G90: 0 | H90: 2 | I90: 0 | J90: =SUM(F90:I90) -> 2 | K90: =материал!K83 -> 0 | L90: =K90*J90 -> 0
B91: Прочие материалы: | K91: =материал!K84 -> 0 | L91: =SUM(L92:L99) -> 0
B92: Комплект для врезного монтажа вызывной панели Akuvox R28A IW | E92: шт. | F92: 1 | G92: 1 | H92: 1 | I92: 1 | J92: =SUM(F92:I92) -> 4 | K92: =материал!K85 -> 0 | L92: =K92*J92 -> 0
B93: Комплект для врезного монтажа вызывной панели X912S | E93: шт. | F93: 1 | G93: 1 | H93: 1 | I93: 1 | J93: =SUM(F93:I93) -> 4 | K93: =материал!K86 -> 0 | L93: =K93*J93 -> 0
B94: Резьбовая усиленная шпилька GTR-6881000 8x1000 цинк, DIN 975, класс прочности 6,8 | E94: шт. | F94: 2.4 | G94: 2.4 | H94: 2.4 | I94: 2.4 | J94: =SUM(F94:I94) -> 9.6 | K94: =материал!K87 -> 0 | L94: =K94*J94 -> 0
B95: Самоконтрящаяся гайка с фланцем нейлон ZA518552М8 8.0 DIN 6926 оц. | E95: шт. | F95: 16 | G95: 16 | H95: 16 | I95: 16 | J95: =SUM(F95:I95) -> 64 | K95: =материал!K88 -> 0 | L95: =K95*J95 -> 0
B96: Квадратный подрозетник A01-86 для кирпича и бетона/для сплошных стен, размер 86x84x50мм. | E96: шт. | F96: 2 | G96: 2 | H96: 2 | I96: 2 | J96: =SUM(F96:I96) -> 8 | K96: =материал!K89 -> 0 | L96: =K96*J96 -> 0
B97: Коннектор EC-UP8P8C-5E-003-TR-1000 RJ45/8P8C, категория 5e | E97: шт. | F97: 341 | G97: 321 | H97: 330 | I97: 206 | J97: =SUM(F97:I97) -> 1198 | K97: =материал!K90 -> 0 | L97: =K97*J97 -> 0
B98: Заклепка резьбовая CN10 шестигранная с плоским бортом М6 L15,0 | E98: шт. | F98: 8 | G98: 8 | H98: 8 | I98: 8 | J98: =SUM(F98:I98) -> 32 | K98: =материал!K91 -> 0 | L98: =K98*J98 -> 0
B99: Болт М6х25 (артикул 3100548) оцинкованный с внутренним шестигранником, класс прочности 8.8, DIN 912 | E99: шт. | F99: 8 | G99: 8 | H99: 8 | I99: 8 | J99: =SUM(F99:I99) -> 32 | K99: =материал!K92 -> 0 | L99: =K99*J99 -> 0
A100: 11.11.03 | B100: Вертикальные стояки
A101: 11.11.03.00. | B101: Вертикальные стояки | L101: =L102+L105 -> 0
B102: Работа: | L102: =SUM(L103:L104) -> 0
B103: Прокладка КПП | E103: м | F103: =SUM(F106:F107) -> 1068.6 | G103: =SUM(G106:G107) -> 1229.8 | H103: =SUM(H106:H107) -> 3099.6 | I103: =SUM(I106:I107) -> 760.8 | J103: =SUM(F103:I103) -> 6158.8 | K103: =работа!K26 -> 0 | L103: =K103*J103 -> 0
B104: Прокладка трубы | E104: м | F104: =SUM(F108:F110) -> 179.6 | G104: =SUM(G108:G110) -> 196.8 | H104: =SUM(H108:H110) -> 415.6 | I104: =SUM(I108:I110) -> 154.8 | J104: =SUM(F104:I104) -> 946.8 | K104: =работа!K27 -> 0 | L104: =K104*J104 -> 0
B105: Материалы: | L105: =SUM(L106:L111) -> 0
B106: Кабель тип 1 | D106: Витая пара U/UTP BC1-C5E02-128-305-G cat. 5E 2х2х0.48 мм, для внутренней прокладки, одножильный, LSZH. | E106: м. | F106: 966 | G106: 1121 | H106: 2852 | I106: 675 | J106: =SUM(F106:I106) -> 5614 | K106: =материал!K95 -> 0 | L106: =K106*J106 -> 0
B107: Кабель тип 2 | D107: Кабель силовой ВВГнг(А)-LS 3х2.5 сечение жилы 2.5 мм², количество жил: 3 шт., номинальное напряжение: 660В. | E107: м. | F107: 102.6 | G107: 108.8 | H107: 247.6 | I107: 85.8 | J107: =SUM(F107:I107) -> 544.8 | K107: =материал!K96 -> 0 | L107: =K107*J107 -> 0
B108: Труба тип 1 | D108: Труба ПВХ гладкая жесткая CTR10-050-K41-015I д.50мм. серая (3м), толщина стенки 2мм. | E108: м. | F108: 72 | G108: 60 | H108: 144 | I108: 57 | J108: =SUM(F108:I108) -> 333 | K108: =материал!K97 -> 0 | L108: =K108*J108 -> 0
B109: Труба тип 2 | D109: Труба гофрированная ПВХ CTG20-20-K41-100I д.20мм с протяжкой | E109: м. | F109: 102.6 | G109: 108.8 | H109: 247.6 | I109: 85.8 | J109: =SUM(F109:I109) -> 544.8 | K109: =материал!K98 -> 0 | L109: =K109*J109 -> 0
B110: Труба тип 3 | D110: Труба гофрированная ПВХ Plast tg-z-50 д.50мм тяжелая с протяжкой | E110: м. | F110: 5 | G110: 28 | H110: 24 | I110: 12 | J110: =SUM(F110:I110) -> 69 | K110: =материал!K99 -> 0 | L110: =K110*J110 -> 0
B111: Прочие материалы: | K111: =материал!K100 -> 0 | L111: =SUM(L112:L117) -> 0
B112: Скоба металлическая однолапковая СМО 19-20 PR08.2534 оцинкованная | E112: шт. | F112: 205.2 | G112: 217.6 | H112: 495.2 | I112: 171.6 | J112: =SUM(F112:I112) -> 1089.6 | K112: =материал!K101 -> 0 | L112: =K112*J112 -> 0
B113: Коробка распределительная (артикул 60-0210) для прямого монтажа двухкомпонентная безгалогенная (HF) 80х80х40 УХЛ1 | E113: шт. | F113: 24 | G113: 20 | H113: 48 | I113: 19 | J113: =SUM(F113:I113) -> 111 | K113: =материал!K102 -> 0 | L113: =K113*J113 -> 0
B114: Муфта труба-труба для труб ПВХ CTA10MP-GIG50-K41-010 д.50мм GIG с ограничителем | E114: шт. | F114: 24 | G114: 20 | H114: 48 | I114: 19 | J114: =SUM(F114:I114) -> 111 | K114: =материал!K103 -> 0 | L114: =K114*J114 -> 0
B115: Скоба металлическая двухлапковая СМД 48-50 д.48-50, размер крепежного отверстия, 9х6мм., оцинкованная сталь | E115: шт. | F115: 154 | G115: 176 | H115: 336 | I115: 138 | J115: =SUM(F115:I115) -> 804 | K115: =материал!K104 -> 0 | L115: =K115*J115 -> 0
B116: Клемма соединительная DIY YOU PCT-2133 контакта, сечение провода 0.75-2.5 мм² | E116: шт. | F116: 72 | G116: 60 | H116: 144 | I116: 57 | J116: =SUM(F116:I116) -> 333 | K116: =материал!K105 -> 0 | L116: =K116*J116 -> 0
B117: Дюбель-гвоздь 6x40 потайная манжета полипропилен | E117: шт. | F117: 701.2 | G117: 725.6 | H117: 1543.2 | I117: 595.6 | J117: =SUM(F117:I117) -> 3565.6 | K117: =материал!K106 -> 0 | L117: =K117*J117 -> 0
A118: 11.11.04 | B118: ПНР
A119: 11.11.04.00. | B119: ПНР | L119: =L120+L122 -> 0
B120: Работа: | L120: =SUM(L121:L121) -> 0
B121: Пусконаладочные работы | E121: комплекс | F121: 1 | G121: 1 | H121: 1 | I121: 1 | J121: =SUM(F121:I121) -> 4 | K121: =работа!K31 -> 0 | L121: =K121*J121 -> 0
B122: Материалы: | L122: =SUM(L123:L123) -> 0
...

Sheet работа
N1: Приложение №
N2: к Договору подряда №
B3: ПОДРЯДЧИК: | D3: ЗАКАЗЧИК: | L3: ТЕХНИЧЕСКИЙ ЗАКАЗЧИК:
B6: ___________/
E8: Ведомость работ
E9: Устройство системы домофонии. ГП-76
A11: № | B11: Наименование | C11: Марка | D11: Характеристика | E11: Ед. изм. | F11: 76.1 | G11: 76.2 | H11: 76.3 | I11: 76.4 | J11: Кол-во | K11: Цена | L11: Сумма | M11: Примечание | N11: Форма закупа материала
A12: 11 | B12: Внутренние инженерные сети
A13: 11.11 | B13: Устройство домофонии
A14: 11.11.01 | B14: Прокладка КПП, трубы
A15: 11.11.01.00. | B15: Прокладка КПП, трубы
B16: Работа:
B17: Прокладка КПП | E17: м | F17: 3363 | G17: 3198.9 | H17: 2260.4 | I17: 2223 | J17: 11045.3 | L17: =K17*J17 -> 0
B18: Прокладка трубы | E18: м | F18: 2017.1 | G18: 1981.9 | H18: 1232.8 | I18: 1192.1 | J18: 6423.9 | L18: =K18*J18 -> 0
A19: 11.11.02 | B19: Установка оборудования
A20: 11.11.02.00. | B20: Установка оборудования
B21: Работа:
B22: Установка оборудования секции | E22: комплекс | F22: 1 | G22: 1 | H22: 1 | I22: 1 | J22: 4 | L22: =K22*J22 -> 0
A23: 11.11.03 | B23: Вертикальные стояки
A24: 11.11.03.00. | B24: Вертикальные стояки
B25: Работа:
B26: Прокладка КПП | E26: м | F26: 1068.6 | G26: 1229.8 | H26: 3099.6 | I26: 760.8 | J26: 6158.8 | L26: =K26*J26 -> 0
B27: Прокладка трубы | E27: м | F27: 179.6 | G27: 196.8 | H27: 415.6 | I27: 154.8 | J27: 946.8 | L27: =K27*J27 -> 0
A28: 11.11.04 | B28: ПНР
A29: 11.11.04.00. | B29: ПНР
B30: Работа:
B31: Пусконаладочные работы | E31: комплекс | F31: 1 | G31: 1 | H31: 1 | I31: 1 | J31: 4 | L31: =K31*J31 -> 0
B32: Итого стоимость работ | L32: =SUM(L17:L31) -> 0
B34: Примечание:
A35: - | B35: В случае, если один из перечисленных прочих материалов не был использован по факту при производстве работ, заказчик вправе откорректировать процент расходных материалов в актах выполненных работ (формы КС-2, КС-3), уменьшив на сумму исключенного материала.
A36: - | B36: Стоимость СМР учитывает - затраты на все второстепенные материалы и работы необходимые для осуществления полного комплекса работ, включая затраты: обеспечение технической водой для производства работ и бытовых целей; на мобилизацию, аренду и эксплуатацию всех необходимых механизмов, оборудования и инструментов, бытовых помещений и биотуалетов; на подъем материалов и разноску по этажам к местам производства работ; выполнение сопутствующих работ; вывоз мусора; накладные расходы, прибыль организации, налоги и иные издержки Подрядчика. Обеспечение безопасного производства работ на участке.
A37: - | B37: Стоимость материалов учитывает стоимость доставки.
A38: - | B38: В случае изменения системы налогообложения, риски увеличения стоимости договора относятся на сторону, чья система налогообложения изменяется.

Sheet материал
N1: Приложение №
N2: к Договору подряда №
B3: ПОДРЯДЧИК: | D3: ЗАКАЗЧИК: | L3: ТЕХНИЧЕСКИЙ ЗАКАЗЧИК:
B6: ___________/
E8: Ведомость материалов
E9: Устройство системы домофонии. ГП-76
A11: № | B11: Наименование | C11: Марка | D11: Характеристика | E11: Ед. изм. | F11: 76.1 | G11: 76.2 | H11: 76.3 | I11: 76.4 | J11: Кол-во | K11: Цена | L11: Сумма | M11: Примечание | N11: Форма закупа материала
A12: 11 | B12: Внутренние инженерные сети
A13: 11.11 | B13: Устройство домофонии
A14: 11.11.01 | B14: Прокладка КПП, трубы
A15: 11.11.01.00. | B15: Прокладка КПП, трубы
B16: Кабель тип 1 | D16: Кабель витая пара U/UTP U/U-5e-BC04-048-PVC-GR-305-RQcat. 5E 4х2х0.48 мм, для внутренней прокладки, одножильный, PVC. | E16: м. | F16: 2671 | G16: 2614.9 | H16: 1788.4 | I16: 1627 | J16: =SUM(F16:I16) -> 8701.3 | L16: =K16*J16 -> 0
B17: Кабель тип 2 | D17: Кабель силовой ВВГнг(А)-LS 3х2.5 сечение жилы 2.5 мм², количество жил: 3 шт., номинальное напряжение: 660В. | E17: м. | F17: 20 | G17: 30 | H17: 64 | I17: 32 | J17: =SUM(F17:I17) -> 146 | L17: =K17*J17 -> 0
B18: Кабель тип 3 | D18: Кабель монтажный МКШнг(А)-LS 2х0.75 2х жильный, не распротраняющий горение при прокладке в пучке, с нормиованным дымовыделением, конструкция жилы многопроволочная, напряжение 500В. | E18: м. | F18: 152 | G18: 152 | H18: 152 | I18: 152 | J18: =SUM(F18:I18) -> 608 | L18: =K18*J18 -> 0
B19: Кабель тип 4 | D19: Сигнальный кабель КСПВГ 4х0,20 гибкий, 4 жилы медь, ПВХ. | E19: м. | F19: 40 | G19: 32 | H19: 32 | I19: 40 | J19: =SUM(F19:I19) -> 144 | L19: =K19*J19 -> 0
B20: Кабель тип 5 | D20: Кабель оптический ОКСЛНГ(А)-HF-М2П-А4-2.7 негорючий, для прокладки в канализацию, 4 одномод. волокона G.652.D/G.657.A. | E20: м. | F20: 150 | G20: 90 | H20: 0 | I20: 90 | J20: =SUM(F20:I20) -> 330 | L20: =K20*J20 -> 0
B21: Кабель тип 6 | D21: Труба гофрированная ПВХ CTG20-20-K41-100I д.20мм с протяжкой | E21: м. | F21: 330 | G21: 280 | H21: 224 | I21: 282 | J21: =SUM(F21:I21) -> 1116 | L21: =K21*J21 -> 0
B22: Труба тип 1 | D22: Труба ПНД гладкая жесткая tpndg-20 д.20мм., черная | E22: м. | F22: 8 | G22: 8 | H22: 8 | I22: 8 | J22: =SUM(F22:I22) -> 32 | L22: =K22*J22 -> 0
B23: Труба тип 2 | D23: Труба гофрированная ПП (артикул 15-0505) д.4,6мм., разрезная, бухтa 5 м/уп. | E23: м. | F23: 1.5 | G23: 1.2 | H23: 1.2 | I23: 1.5 | J23: =SUM(F23:I23) -> 5.4 | L23: =K23*J23 -> 0
B24: Труба тип 3 | D24: Гофрированная труба ПНД D16мм. PR02.0122 лёгкая 350 Н безгалогенная HF стойкая к ультрафиолету черная с/з | E24: м. | F24: 1968.5 | G24: 1940.4 | H24: 1145.4 | I24: 1152 | J24: =SUM(F24:I24) -> 6206.3 | L24: =K24*J24 -> 0
B25: Труба тип 4 | D25: Труба гофрированная ПВХ D-25мм CTG20-25-K41-050I с зондом | E25: м. | F25: 39.1 | G25: 32.3 | H25: 78.2 | I25: 30.6 | J25: =SUM(F25:I25) -> 180.2 | L25: =K25*J25 -> 0
B26: Прочие материалы:
B27: Дюбель с шурупом 8х50 (артикул 102310) диаметр отверстия под дюбель 8мм. | E27: шт. | F27: 4 | G27: 4 | H27: 0 | I27: 4 | J27: =SUM(F27:I27) -> 12 | L27: =K27*J27 -> 0
B28: Крепежный комплект ITK-HP-15 винт, шайба, гайка.(1 комплект) | E28: шт. | F28: 48 | G28: 48 | H28: 76 | I28: 48 | J28: =SUM(F28:I28) -> 220 | L28: =K28*J28 -> 0
B29: Крепеж-клипса PR13.0120 для труб д.20мм., для монтажного пистолета, серая | E29: шт. | F29: 660 | G29: 560 | H29: 448 | I29: 564 | J29: =SUM(F29:I29) -> 2232 | L29: =K29*J29 -> 0
B30: Усиленный дюбель-гвоздь 30519stepEGBP по бетону, металлу, кирпичу тип CN 15; диаметр 3.05 мм, длина 19 мм; усиленный, гальванизированный. Упаковка 1000 шт. | E30: шт. | F30: 12439 | G30: 12096.5 | H30: 7900 | I30: 7449 | J30: =SUM(F30:I30) -> 39884.5 | L30: =K30*J30 -> 0
B31: Кабель-канал (артикул 76002-2) самозатухающий ПВХ с крышкой, белый, 100х55х2000мм | E31: м. | F31: 2 | G31: 2 | H31: 2 | I31: 2 | J31: =SUM(F31:I31) -> 8 | L31: =K31*J31 -> 0
B32: Коробка распределительная (артикул 60-0210) для прямого монтажа двухкомпонентная безгалогенная (HF) 80х80х40 УХЛ1 | E32: шт. | F32: 1 | G32: 1 | H32: 1 | I32: 1 | J32: =SUM(F32:I32) -> 4 | L32: =K32*J32 -> 0
B33: Клемма соединительная DIY YOU PCT-2133 контакта, сечение провода 0.75-2.5 мм² | E33: шт. | F33: 3 | G33: 3 | H33: 3 | I33: 3 | J33: =SUM(F33:I33) -> 12 | L33: =K33*J33 -> 0
B34: Нейлоновая хомут-стяжка 3,6х200 черный, 100 шт G/1/4 | E34: пч. | F34: 1 | G34: 1 | H34: 1 | I34: 1 | J34: =SUM(F34:I34) -> 4 | L34: =K34*J34 -> 0
B35: Дюбель хомут 5х10 дхч510 для крепления кабеля цвет-чёрный | E35: шт. | F35: 1010 | G35: 946 | H35: 892 | I35: 620 | J35: =SUM(F35:I35) -> 3468 | L35: =K35*J35 -> 0
B36: Наконечник (артикул 79436) НШВИ 0,75-8 | E36: шт. | F36: 48 | G36: 32 | H36: 32 | I36: 48 | J36: =SUM(F36:I36) -> 160 | L36: =K36*J36 -> 0
B37: Наконечник (артикул 79462) НШВИ2 0,75-8 | E37: шт. | F37: 36 | G37: 24 | H37: 24 | I37: 36 | J37: =SUM(F37:I37) -> 120 | L37: =K37*J37 -> 0
B38: Установочная коробка IMT351011 для сплошных стен, размеры 68(65)X60 мм. | E38: шт. | F38: 155 | G38: 147 | H38: 138 | I38: 90 | J38: =SUM(F38:I38) -> 530 | L38: =K38*J38 -> 0
B39: Металлическая однолапковая скоба СМО 25-26 PR08.2536 оцинкованная | E39: шт. | F39: 97.75 | G39: 80.75 | H39: 195.5 | I39: 76.5 | J39: =SUM(F39:I39) -> 450.5 | L39: =K39*J39 -> 0
A40: 11.11.02 | B40: Установка оборудования
A41: 11.11.02.00. | B41: Установка оборудования
B42: Вызывная панель тип 1 | D42: IP Вызывная панель Akuvox R28A IW | E42: шт. | F42: 1 | G42: 1 | H42: 1 | I42: 1 | J42: =SUM(F42:I42) -> 4 | L42: =K42*J42 -> 0
B43: Вызывная панель тип 2 | D43: IP Вызывная панель Akuvox X912S TFT LCD сенсорный 4 дюйма, доступ по: распознаванию лица, PIN, NFC, RFID карта, BLE, QR-код, мобильное приложение Smart Plus. (Сенсорная клавиатура) | E43: шт. | F43: 1 | G43: 1 | H43: 1 | I43: 1 | J43: =SUM(F43:I43) -> 4 | L43: =K43*J43 -> 0
B44: Терминал контроля доступа тип 1 | D44: IP Терминал СКУД Akuvox A01S доступ по: NFC, RFID карта, мобильное приложение Smart Plus. | E44: шт. | F44: 2 | G44: 2 | H44: 2 | I44: 2 | J44: =SUM(F44:I44) -> 8 | L44: =K44*J44 -> 0
B45: Микроволновый радар-детектор DL6 (EAGLE 6) питание 12В, температура эксплуатации -20°С +55°С, максимальная высота установки 3м. | E45: шт. | F45: 2 | G45: 2 | H45: 2 | I45: 2 | J45: =SUM(F45:I45) -> 8 | L45: =K45*J45 -> 0
B46: Замок электромагнитный | D46: Электромагнитный замок М2-400 серый 400кг удержания, 12 В/0,4 А, 190х55х35мм, уголок в комплекте, цвет серый, отсек для контроллера Z-5R | E46: шт. | F46: 4 | G46: 4 | H46: 4 | I46: 4 | J46: =SUM(F46:I46) -> 16 | L46: =K46*J46 -> 0
B47: Кнопка выхода врезная DR-04 бесконтактная (с ИК датчиком), металлическая, с подсветкой, Н.О./Н.З., 12В, 40мА, -30...+55℃, IP44, 115х70х30 мм | E47: шт. | F47: 2 | G47: 2 | H47: 2 | I47: 2 | J47: =SUM(F47:I47) -> 8 | L47: =K47*J47 -> 0
B48: Кнопка выхода накладная DR-03 сенсорная, пластиковая, 12В, контакты Н.О./ Н.З., -40 - +50℃, IP44, 86х50х20мм. | E48: шт. | F48: 2 | G48: 2 | H48: 2 | I48: 2 | J48: =SUM(F48:I48) -> 8 | L48: =K48*J48 -> 0
B49: Настенный шкаф 19" LWR3-18U66-MF LINEA W 18U 600х600мм дверь металл серый, тип боковой стенки съемная с замком. | E49: шт. | F49: 1 | G49: 1 | H49: 0 | I49: 1 | J49: =SUM(F49:I49) -> 3 | L49: =K49*J49 -> 0
B50: Напольный шкаф 19" (2 двери.)LN05-24U66-M LINEA N 24U 600х600мм металлическая передняя дверь черный, тип боковой стенки съемная с замком. | E50: шт. | F50: 0 | G50: 0 | H50: 1 | I50: 0 | J50: =SUM(F50:I50) -> 1 | L50: =K50*J50 -> 0
B51: Коммутатор управляемый L3 OS6112F 12 портов 10G SFP+ | E51: шт. | F51: 0 | G51: 0 | H51: 1 | I51: 0 | J51: =SUM(F51:I51) -> 1 | L51: =K51*J51 -> 0
B52: Коммутатор управляемый L3 с PoE OS3228P 24x1000Base-T PoE+, 4x10G SFP+, PoE-бюджет 370 Вт, PoE до 250 м | E52: шт. | F52: 1 | G52: 1 | H52: 1 | I52: 1 | J52: =SUM(F52:I52) -> 4 | L52: =K52*J52 -> 0
B53: Кабель прямого подключения XS+DA0001 разъемы SFP28 - SFP28, длина 1м | E53: шт. | F53: 0 | G53: 0 | H53: 2 | I53: 0 | J53: =SUM(F53:I53) -> 2 | L53: =K53*J53 -> 0
B54: Маршрутизатор RB4011iGS+RM оснащён 10 гигабитными портами Ethernet и портом SFP+ 10G. | E54: шт. | F54: 0 | G54: 0 | H54: 1 | I54: 0 | J54: =SUM(F54:I54) -> 1 | L54: =K54*J54 -> 0
B55: Коммутатор управляемый L2 OS1326 управляемый L2 24x100Base-TX, 1x1000Base-T, 1xCombo 1000Base-T/SFP. | E55: шт. | F55: 1 | G55: 1 | H55: 2 | I55: 1 | J55: =SUM(F55:I55) -> 5 | L55: =K55*J55 -> 0
B56: Патч-панель наборная 19" PP24-1UMU 1U, для установки до 24 модулей Keystone. | E56: шт. | F56: 1 | G56: 1 | H56: 2 | I56: 1 | J56: =SUM(F56:I56) -> 5 | L56: =K56*J56 -> 0
B57: Модуль Keystone CS1-1C5EU-12 Модуль Keystone Jack кат.5E UTP 110 IDC 180град | E57: шт. | F57: 24 | G57: 24 | H57: 48 | I57: 24 | J57: =SUM(F57:I57) -> 120 | L57: =K57*J57 -> 0
B58: Блок розеток 19" TLК-RS07M-C25-BK горизонтальный, 7 розеток Schuko, автоматический выключатель 25A. | E58: шт. | F58: 1 | G58: 1 | H58: 1 | I58: 1 | J58: =SUM(F58:I58) -> 4 | L58: =K58*J58 -> 0
... B77: Лента оцинкованная (артикул 43749) 20х0.5мм (упаковка 50м.) | E77: м. | F77: 494.53 | G77: 487.5 | H77: 288.75 | I77: 290.4 | J77: =SUM(F77:I77) -> 1561.18 | L77: =K77*J77 -> 0
B78: Коммутатор тип 1 | D78: Тюменский коммутатор с защитой коммутации Т1008 8*10/100M PoE 120Вт IEEE 802.3af/at,+2*10/100M uplink RJ45. | E78: шт. | F78: 22 | G78: 18 | H78: 0 | I78: 18 | J78: =SUM(F78:I78) -> 58 | L78: =K78*J78 -> 0
B79: Коммутатор тип 2 | D79: Тюменский коммутатор с защитой коммутации Т1004 4*10/100M PoE 60Вт IEEE 802.3af/at,+2*10/100M uplink RJ45. | E79: шт. | F79: 1 | G79: 1 | H79: 46 | I79: 0 | J79: =SUM(F79:I79) -> 48 | L79: =K79*J79 -> 0
B80: Монитор | D80: IP монитор Akuvox S562 7-дюймовый сенсорный TFT LCD 1024x600 | E80: шт. | F80: 155 | G80: 147 | H80: 138 | I80: 90 | J80: =SUM(F80:I80) -> 530 | L80: =K80*J80 -> 0
B81: Бесконтактный брендированный ключ RFID чип SMARTTAG, кодировка для Akuvox, адаптация реестра UID и клиента для загрузки шаблоном в БД, нумерация ключа строго по базе, стикер с номером квартир на каждом ключе | E81: шт. | F81: 465 | G81: 441 | H81: 414 | I81: 270 | J81: =SUM(F81:I81) -> 1590 | L81: =K81*J81 -> 0
B82: Устройство мониторинга за состоянием сетевых инфраструктур Super Vision (P) до 1000 IP-устройств. | E82: шт. | F82: 0 | G82: 0 | H82: 1 | I82: 0 | J82: =SUM(F82:I82) -> 1 | L82: =K82*J82 -> 0
B83: Коммутационный шнур PC08-C5EUL-1M5-SL-WT Коммутационный шнур (патч-корд) кат.5E UTP LSZH 1,5м slim колпачок с язычком белый | E83: шт. | F83: 0 | G83: 0 | H83: 2 | I83: 0 | J83: =SUM(F83:I83) -> 2 | L83: =K83*J83 -> 0
B84: Прочие материалы:
B85: Комплект для врезного монтажа вызывной панели Akuvox R28A IW | E85: шт. | F85: 1 | G85: 1 | H85: 1 | I85: 1 | J85: =SUM(F85:I85) -> 4 | L85: =K85*J85 -> 0
B86: Комплект для врезного монтажа вызывной панели X912S | E86: шт. | F86: 1 | G86: 1 | H86: 1 | I86: 1 | J86: =SUM(F86:I86) -> 4 | L86: =K86*J86 -> 0
B87: Резьбовая усиленная шпилька GTR-6881000 8x1000 цинк, DIN 975, класс прочности 6,8 | E87: шт. | F87: 2.4 | G87: 2.4 | H87: 2.4 | I87: 2.4 | J87: =SUM(F87:I87) -> 9.6 | L87: =K87*J87 -> 0
B88: Самоконтрящаяся гайка с фланцем нейлон ZA518552М8 8.0 DIN 6926 оц. | E88: шт. | F88: 16 | G88: 16 | H88: 16 | I88: 16 | J88: =SUM(F88:I88) -> 64 | L88: =K88*J88 -> 0
B89: Квадратный подрозетник A01-86 для кирпича и бетона/для сплошных стен, размер 86x84x50мм. | E89: шт. | F89: 2 | G89: 2 | H89: 2 | I89: 2 | J89: =SUM(F89:I89) -> 8 | L89: =K89*J89 -> 0
B90: Коннектор EC-UP8P8C-5E-003-TR-1000 RJ45/8P8C, категория 5e | E90: шт. | F90: 341 | G90: 321 | H90: 330 | I90: 206 | J90: =SUM(F90:I90) -> 1198 | L90: =K90*J90 -> 0
B91: Заклепка резьбовая CN10 шестигранная с плоским бортом М6 L15,0 | E91: шт. | F91: 8 | G91: 8 | H91: 8 | I91: 8 | J91: =SUM(F91:I91) -> 32 | L91: =K91*J91 -> 0
B92: Болт М6х25 (артикул 3100548) оцинкованный с внутренним шестигранником, класс прочности 8.8, DIN 912 | E92: шт. | F92: 8 | G92: 8 | H92: 8 | I92: 8 | J92: =SUM(F92:I92) -> 32 | L92: =K92*J92 -> 0
A93: 11.11.03 | B93: Вертикальные стояки
A94: 11.11.03.00. | B94: Вертикальные стояки
B95: Кабель тип 1 | D95: Витая пара U/UTP BC1-C5E02-128-305-G cat. 5E 2х2х0.48 мм, для внутренней прокладки, одножильный, LSZH. | E95: м. | F95: 966 | G95: 1121 | H95: 2852 | I95: 675 | J95: =SUM(F95:I95) -> 5614 | L95: =K95*J95 -> 0
B96: Кабель тип 2 | D96: Кабель силовой ВВГнг(А)-LS 3х2.5 сечение жилы 2.5 мм², количество жил: 3 шт., номинальное напряжение: 660В. | E96: м. | F96: 102.6 | G96: 108.8 | H96: 247.6 | I96: 85.8 | J96: =SUM(F96:I96) -> 544.8 | L96: =K96*J96 -> 0
B97: Труба тип 1 | D97: Труба ПВХ гладкая жесткая CTR10-050-K41-015I д.50мм. серая (3м), толщина стенки 2мм. | E97: м. | F97: 72 | G97: 60 | H97: 144 | I97: 57 | J97: =SUM(F97:I97) -> 333 | L97: =K97*J97 -> 0
B98: Труба тип 2 | D98: Труба гофрированная ПВХ CTG20-20-K41-100I д.20мм с протяжкой | E98: м. | F98: 102.6 | G98: 108.8 | H98: 247.6 | I98: 85.8 | J98: =SUM(F98:I98) -> 544.8 | L98: =K98*J98 -> 0
B99: Труба тип 3 | D99: Труба гофрированная ПВХ Plast tg-z-50 д.50мм тяжелая с протяжкой | E99: м. | F99: 5 | G99: 28 | H99: 24 | I99: 12 | J99: =SUM(F99:I99) -> 69 | L99: =K99*J99 -> 0
B100: Прочие материалы:
B101: Скоба металлическая однолапковая СМО 19-20 PR08.2534 оцинкованная | E101: шт. | F101: 205.2 | G101: 217.6 | H101: 495.2 | I101: 171.6 | J101: =SUM(F101:I101) -> 1089.6 | L101: =K101*J101 -> 0
B102: Коробка распределительная (артикул 60-0210) для прямого монтажа двухкомпонентная безгалогенная (HF) 80х80х40 УХЛ1 | E102: шт. | F102: 24 | G102: 20 | H102: 48 | I102: 19 | J102: =SUM(F102:I102) -> 111 | L102: =K102*J102 -> 0
B103: Муфта труба-труба для труб ПВХ CTA10MP-GIG50-K41-010 д.50мм GIG с ограничителем | E103: шт. | F103: 24 | G103: 20 | H103: 48 | I103: 19 | J103: =SUM(F103:I103) -> 111 | L103: =K103*J103 -> 0
B104: Скоба металлическая двухлапковая СМД 48-50 д.48-50, размер крепежного отверстия, 9х6мм., оцинкованная сталь | E104: шт. | F104: 154 | G104: 176 | H104: 336 | I104: 138 | J104: =SUM(F104:I104) -> 804 | L104: =K104*J104 -> 0
B105: Клемма соединительная DIY YOU PCT-2133 контакта, сечение провода 0.75-2.5 мм² | E105: шт. | F105: 72 | G105: 60 | H105: 144 | I105: 57 | J105: =SUM(F105:I105) -> 333 | L105: =K105*J105 -> 0
B106: Дюбель-гвоздь 6x40 потайная манжета полипропилен | E106: шт. | F106: 701.2 | G106: 725.6 | H106: 1543.2 | I106: 595.6 | J106: =SUM(F106:I106) -> 3565.6 | L106: =K106*J106 -> 0
B107: Итого стоимость материалов | L107: =SUM(L16:L106) -> 0
B109: Примечание:
A110: - | B110: В случае, если один из перечисленных прочих материалов не был использован по факту при производстве работ, заказчик вправе откорректировать процент расходных материалов в актах выполненных работ (формы КС-2, КС-3), уменьшив на сумму исключенного материала.
A111: - | B111: Стоимость СМР учитывает - затраты на все второстепенные материалы и работы необходимые для осуществления полного комплекса работ, включая затраты: обеспечение технической водой для производства работ и бытовых целей; на мобилизацию, аренду и эксплуатацию всех необходимых механизмов, оборудования и инструментов, бытовых помещений и биотуалетов; на подъем материалов и разноску по этажам к местам производства работ; выполнение сопутствующих работ; вывоз мусора; накладные расходы, прибыль организации, налоги и иные издержки Подрядчика. Обеспечение безопасного производства работ на участке.
A112: - | B112: Стоимость материалов учитывает стоимость доставки.
A113: - | B113: В случае изменения системы налогообложения, риски увеличения стоимости договора относятся на сторону, чья система налогообложения изменяется.
